 Dungeon Crawl Stone Soup version 0.30-b1-2-g02819fbbbe (webtiles) character file.

Game seed: 6081277938782161002

14 Alarkh the Vexing (level 2, 21/21 HPs)
             Began as a Demonspawn Hexslinger on July 8, 2023.
             Got out of the dungeon alive.
             The game lasted 00:00:35 (258 turns).

Alarkh the Vexing (Demonspawn Hexslinger)            Turns: 258, Time: 00:00:36

Health: 21/21      AC:  3    Str: 10    XL:     2   Next: 27%
Magic:  3/3        EV: 12    Int: 14    God:
Gold:   13         SH:  0    Dex: 13    Spells: 2/3 levels left

rFire   . . .        a - +1 sling
rCold   . . .        (no shield)
rNeg    . . .        c - +0 robe
rPois   .            (no helmet)
rElec   .            g - +0 cloak
rCorr   .            (no gloves)
SInv    .            (no boots)
Will    .....        (no amulet)
Stlth   +            (no ring)
HPRegen 0.23/turn    (no ring)
MPRegen 0.08/turn

%: no passive effects
@: no status effects
A: demonic guardian 1
a: no special abilities


You escaped.
You visited 1 branch of the dungeon, and saw 1 of its levels.

You collected 13 gold pieces.

Inventory:

Hand Weapons
 a - a +1 sling (weapon)
 e - a +0 dagger of draining
Armour
 c - a +0 robe (worn)
 g - a +0 cloak (worn)
Scrolls
 b - a scroll of poison
 d - 2 scrolls of identify {unknown}
 f - a scroll of teleportation {unknown}


   Skills:
 + Level 1.5 Fighting
 * Level 2.4 Ranged Weapons
 - Level 1.7 Dodging
 - Level 1.0 Spellcasting
 - Level 3.0 Hexes


You had 2 spell levels left.
You knew the following spells:

 Your Spells              Type           Power      Damage    Failure   Level
a - Slow                  Hex            36%        N/A       8%          1

Your spell library contained the following spells:

 Spells                   Type           Power      Damage    Failure   Level
 Blink                    Tloc           0%         N/A       36%         2
 Inner Flame              Hex/Fire       4%         N/A       38%         3
 Portal Projectile        Hex/Tloc       8%         N/A       38%         3
 Cause Fear               Hex            4%         N/A       58%         4
 Manifold Assault         Tloc           0%         N/A       95%         4
 Storm Form               Tmut/Air       0%         N/A       100%        7


Dungeon Overview and Level Annotations

Branches:
Dungeon (1/15)

Altars:

Shops:
D:1 [


Innate Abilities, Weirdness & Mutations

A weak demonic guardian rushes to your aid.


Message History

The kobold barely misses you.
You shoot a sling bullet. The sling bullet hits the goblin.
You kill the goblin!
The kobold closely misses you.
You shoot a sling bullet. The sling bullet hits the kobold.
You kill the kobold!
The hobgoblin closely misses you.
You shoot a sling bullet. The sling bullet hits the hobgoblin.
The hobgoblin is almost dead.
The hobgoblin hits you.
You shoot a sling bullet.
The sling bullet hits the hobgoblin but does no damage.
The hobgoblin is almost dead.
The hobgoblin barely misses you.
You shoot a sling bullet.
The sling bullet closely misses the hobgoblin.
The hobgoblin hits you. x2
You shoot a sling bullet.
The sling bullet closely misses the hobgoblin.
The hobgoblin closely misses you.
You shoot a sling bullet.
The sling bullet barely misses the hobgoblin.
The hobgoblin hits you.
A demonic guardian appears!
You shoot a sling bullet. The sling bullet hits the hobgoblin.
You kill the hobgoblin!
No target in view!
You swap places.
Things that are here:
a +0 club; a hobgoblin corpse; a jackal corpse Your shadow imp disappears in a puff of smoke!
d - 2 scrolls labelled OSULOODAITH (gained 1)
Found Uraireed's Armour Shop.
Found a dagger.
There is an entrance to Uraireed's Armour Shop here.
Unknown command.
You see here a frilled lizard corpse.
There is an open door here.
There is a staircase leading out of the dungeon here.
Are you sure you want to leave the Dungeon?
This will make you lose the game!
You have escaped!

.. ..# #.....)
#############.# #......
#...........#.# #......
#.####.####.#.###....(.
#.......#.#...#......
#.#####.#.#.#........
#.#...#.#.#.##.######
#.#...#.#.#.##.#
#.#.@...#.'.##.#
#.#...#.#.#.##.#
#.#...#.#.#.##.#
#.#####.#.#.##.#
#.......#.#.#..#
#.####.####.#...##
#...........#.#.
#############.#.


There were no monsters in sight!

Vanquished Creatures
  A ball python (D:1)
  3 hobgoblins (D:1)
  3 jackals (D:1)
  A frilled lizard (D:1)
  2 goblins (D:1)
  2 kobolds (D:1)
12 creatures vanquished.

Notes
Turn   | Place    | Note
-------+----------+-------------------------------------------
     0 | D:1      | Alarkh the Demonspawn Hexslinger began the quest for the
                  | Orb.
     0 | D:1      | Reached XP level 1. HP: 15/15 MP: 2/2
   159 | D:1      | Gained mutation: A weak demonic guardian rushes to your
                  | aid. [demonic ancestry]
   159 | D:1      | Reached XP level 2. HP: 21/21 MP: 3/3
   199 | D:1      | Found Uraireed's Armour Shop.
   258 | D:$      | Got out of the dungeon alive.

Illustrated notes

Levels and vault maps discovered:
D:1:      matt_arrival_refuge, layout_basic, serial_shops, shop

Skill      XL: |  1 |
---------------+----+-----
Ranged Weapons | 2 |  2.4
Fighting       | |  1.5
Dodging        | |  1.7
Spellcasting   | |  1.0
Hexes          | |  3.0

Action                     || total
---------------------------++-------
   Fire: Sling             ||    37
 Armour: Robe              ||     5
  Dodge: Dodged            ||    18
